 Dungeon Crawl Stone Soup version 0.20-a0-59-g66a9409 (webtiles) character file.

82 Flintgrin the Magician (level 4, -1/33 HPs)
             Began as a Draconian Wizard on Nov 16, 2016.
             Killed by divine providence
             ... invoked by an orc priest
              (14 damage)
             ... on level 3 of the Dungeon on Nov 17, 2016.
             The game lasted 00:51:00 (2766 turns).

Flintgrin the Magician (Draconian Wizard)           Turns: 2766, Time: 00:51:00

Health: -1/33      AC:  9    Str: 10    XL:     4   Next: 21%
Magic:  1/10       EV: 12    Int: 19    God:
Gold:   111        SH:  0    Dex:  9    Spells: 5 memorised, 1 level left

rFire  . . .     SeeInvis .     o - +0 hand axe
rCold  . . .     Gourm    .     (armour unavailable)
rNeg   . . .     Faith    .     (no shield)
rPois  +         Spirit   .     a - +1 hat
rElec  .         Reflect  .     (no cloak)
rCorr  .         Harm     .     (no gloves)
MR     .....                    (no boots)
Stlth  ++........               p - amulet of inaccuracy (curse)
                                e - +3 ring of protection
                                f - ring of poison resistance

@: no status effects
A: unfitting armour, cold-blooded, AC +5
a: no special abilities


You were on level 3 of the Dungeon.
You were not hungry.

You visited 1 branch of the dungeon, and saw 3 of its levels.

You collected 111 gold pieces.

Inventory:

Hand Weapons
 c - a +0 dagger
 g - a +0 dagger
 o - a +0 hand axe (weapon)
Missiles
 d - 42 stones (quivered)
 m - 20 arrows
 n - 20 poisoned needles
Armour
 a - a +1 hat (worn)
Jewellery
 e - a +3 ring of protection (right hand)
 f - a ring of poison resistance (left hand)
 p - a cursed amulet of inaccuracy (around neck)
Scrolls
 h - a scroll of random uselessness
 k - a scroll of teleportation
Books
 b - a book of Minor Magic

   Spells                             Type                      Level
   a - Magic Dart                     Conjuration                  1
   b - Blink                          Translocation                2
   c - Call Imp                       Summoning                    2
   d - Repel Missiles                 Charms/Air                   2
   e - Slow                           Hexes                        2
   f - Conjure Flame                  Conjuration/Fire             3
   g - Mephitic Cloud                 Conjuration/Poison/Air       3


   Skills:
 + Level 0.4 Short Blades
 + Level 0.2 Axes
 + Level 2.1 Dodging
 + Level 2.1 Stealth
 + Level 4.1 Spellcasting
 + Level 1.4 Conjurations
 + Level 1.4 Summonings
 + Level 1.0 Translocations


You had one spell level left.
You knew the following spells:

 Your Spells              Type           Power        Failure   Level  Hunger
a - Magic Dart            Conj           #...         10%         1    None
b - Call Imp              Summ           #.......     14%         2    ##.....
c - Blink                 Tloc           N/A          14%         2    ##.....
d - Conjure Flame         Conj/Fire      #.......     34%         3    ###....
e - Slow                  Hex            #.......     21%         2    ##.....


Dungeon Overview and Level Annotations

Branches:
Dungeon (3/15)

Altars:


Innate Abilities, Weirdness & Mutations

Your plain brown scales are hard. (AC +5)
You cannot fit into any form of body armour.
You are cold-blooded and may be slowed by cold attacks.


Message History

Press: ? - help, Shift-Dir - straight line, f/p - orc priest
Aim: an orc priest, wielding a short sword and wearing a leather armour (heavily wounded, hasn't noticed you)
You throw a stone. The stone misses the orc priest.
The orc priest shouts!
Throwing (i - inventory):
d - 44 stones (quivered)
Press: ? - help, Shift-Dir - straight line, f/p - orc priest
Aim: an orc priest, wielding a short sword and wearing a leather armour (heavily wounded)
You throw a stone. The stone barely misses the goblin.
The stone closely misses the orc priest.
Throwing (i - inventory):
d - 43 stones (quivered)
Press: ? - help, Shift-Dir - straight line, f/p - orc priest
Aim: an orc priest, wielding a short sword and wearing a leather armour (heavily wounded)
You throw a stone. The stone misses the goblin.
The stone misses the orc priest.
The stone closely misses the orc.
You hit the goblin but do no damage. The goblin barely misses you.
The goblin hits you but does no damage.
You miss the goblin.
The orc priest invokes the aid of Beogh against you.
Beogh smites you!
You die...

##...........
#.......(..#
#..........
#..5#.# #<()#
###o# #o# #g#
#@# #.# #.#
#.# #.# #..
###


You could see an orc priest, an orc and a goblin.

Vanquished Creatures
  3 adders (D:2)
  2 oozes (D:2)
  2 dart slugs (D:1)
  2 leopard geckos (D:2)
  An orc (D:3)
  A giant cockroach (D:1)
  3 goblins (D:1)
  2 hobgoblins
  4 jackals (D:1)
  A ball python (D:1)
  3 bats (D:1)
  A frilled lizard (D:1)
  5 kobolds
  6 rats
36 creatures vanquished.

Vanquished Creatures (collateral kills)
  A ball python (D:2)
  A hobgoblin (D:2)
  2 frilled lizards (D:1)
  A goblin (D:2)
  A rat (D:1)
6 creatures vanquished.

Grand Total: 42 creatures vanquished

Notes
Turn   | Place    | Note
-------+----------+-------------------------------------------
     0 | D:1      | Flintgrin the Draconian Wizard began the quest for the Orb.
     0 | D:1      | Reached XP level 1. HP: 14/14 MP: 4/4
   404 | D:1      | Reached XP level 2. HP: 14/20 MP: 0/6
   554 | D:1      | Upgraded the game from 0.20-a0-51-g027d3fc to 0.20-a0-59-g66a9409
  1125 | D:1      | Learned a level 2 spell: Call Imp
  1128 | D:1      | Learned a level 2 spell: Blink
  1452 | D:1      | Reached XP level 3. HP: 26/26 MP: 5/8
  1693 | D:2      | Reached skill level 4 in Spellcasting
  1842 | D:2      | Learned a level 3 spell: Conjure Flame
  1845 | D:2      | Learned a level 2 spell: Slow
  2491 | D:2      | Reached XP level 4. HP: 32/33 MP: 6/10
  2766 | D:3      | Killed from afar by an orc priest

Vault maps used:
D:1:      matt_arrival_spirals
D:3:      ecumenical_altar_2, tso_altar

Skill      XL: |  1  2  3 |
---------------+----------+-----
Stealth        | 2 |  2.1
Dodging        | 2 |  2.1
Spellcasting   | 4 |  4.1
Short Blades   | |  0.4
Axes           | |  0.2
Conjurations   | |  1.4
Summonings     | |  1.4
Translocations | |  1.0

Action                   |  1- 3 |  4- 6 || total
-------------------------+-------+-------++-------
Melee: Unarmed           |    12 |       ||    12
       Dagger            |    65 |       ||    65
       Club              |     1 |       ||     1
       Tailslap          |     3 |       ||     3
       Hand axe          |    10 |    11 ||    21
Throw: Stone             |       |     3 ||     3
 Cast: Magic Dart        |    50 |    11 ||    61
       Call Imp          |    16 |     1 ||    17
       Conjure Flame     |     3 |     2 ||     5
       Blink             |     2 |       ||     2
       Slow              |       |     1 ||     1
  Use: Scroll            |     4 |       ||     4
       Potion            |     1 |     1 ||     2
  Eat: Chunk             |     1 |     1 ||     2
       Bread ration      |     1 |       ||     1
Armor: Skin              |    32 |     6 ||    38
Dodge: Dodged            |    58 |     9 ||    67
